| TOP OF THE 1ST |
|
South Bend Cubs batting - Pitching for Binghamton Mets : RHP Antonio Perez
|
|
Pitching: RHP Antonio Perez
|
|
|
Batting: RHB Andy Huntley
|
0-0: Ball 1-0: Called Strike 1-1: Ground out 6-3 (Groundball, 6, EV 83.1 MPH)
|
|
Batting: RHB Taylor Garofalo
|
0-0: Foul Ball, location: 2F 0-1: Ball 1-1: Ball 2-1: Foul Ball, location: 2F 2-2: Foul Ball, location: 2F 2-2: Ball 3-2: Foul Ball, location: 2F 3-2: Foul Ball, location: 2F 3-2: Fly out, F8 (Flyball, 8LD, EV 101.2 MPH)
|
|
Batting: LHB Kwang-chih Men
|
0-0: SINGLE (Groundball, 4MD, EV 106.9 MPH)
|
|
Batting: RHB Roy Battist
|
0-0: Called Strike 0-1: Called Strike 0-2: Ball 1-2: Ball 2-2: Ball 3-2: Strikes out swinging
|
| Top of the 1st over - 0 runs, 1 hit, 0 errors, 1 left on base; South Bend 0 - Binghamton 0 |
| BOTTOM OF THE 1ST |
|
Binghamton Mets batting - Pitching for South Bend Cubs : RHP Roberto Cruz
|
|
Pitching: RHP Roberto Cruz
|
|
|
Batting: LHB Jamel Alexander
|
0-0: Ground out 4-3 (Groundball, 4, EV 83.1 MPH)
|
|
Batting: SHB Jason Evans
|
0-0: Fly out, F8 (Flyball, 8RM, EV 84.4 MPH)
|
|
Batting: LHB Bayesa Mundhir
|
0-0: Ball 1-0: Ball 2-0: Ball 3-0: Called Strike 3-1: Foul Ball, location: 2F 3-2: Base on Balls
|
|
Batting: RHB Mike Hanks
|
0-0: Ball 1-0: Swinging Strike 1-1: Ball 2-1: Ball 3-1: Foul Ball, location: 2F 3-2: Foul Ball, location: 2F 3-2: Base on Balls Bayesa Mundhir to second
|
|
Batting: RHB Nate Henderson
|
0-0: Ball 1-0: Called Strike 1-1: Ball 2-1: Ball 3-1: Called Strike 3-2: Foul Ball, location: 2F 3-2: Strikes out swinging
|
| Bottom of the 1st over - 0 runs, 0 hits, 0 errors, 2 left on base; South Bend 0 - Binghamton 0 |
| TOP OF THE 2ND |
|
South Bend Cubs batting - Pitching for Binghamton Mets : RHP Antonio Perez
|
|
Batting: RHB Puluke Konane
|
0-0: Ball 1-0: Called Strike 1-1: Hit by Pitch
|
|
Batting: RHB Juan Bonilla
|
0-0: Ball 1-0: Called Strike 1-1: Called Strike 1-2: Fielders Choice at 2nd, 3-6 (Groundball, 3, EV 84.4 MPH)
|
|
Batting: RHB Dylan Burke
|
0-0: Called Strike 0-1: Ball 1-1: DOUBLE (Line Drive, 89M, EV 110.6 MPH) Juan Bonilla to third
|
|
Batting: LHB Adam Conover
|
0-0: Foul Ball, location: 2F 0-1: Ball 1-1: Called Strike 1-2: Foul Ball, location: 2F 1-2: Strikes out swinging
|
|
Batting: RHB Hugo Torrez
|
0-0: Ground out 5-3 (Groundball, 56D, EV 83.8 MPH)
|
| Top of the 2nd over - 0 runs, 1 hit, 0 errors, 2 left on base; South Bend 0 - Binghamton 0 |
| BOTTOM OF THE 2ND |
|
Binghamton Mets batting - Pitching for South Bend Cubs : RHP Roberto Cruz
|
|
Batting: LHB Zane Kelton
|
0-0: Ball 1-0: Ball 2-0: Ball 3-0: Base on Balls
|
|
Batting: SHB Jerry Burrows
|
0-0: Called Strike 0-1: Foul Ball, location: 2F 0-2: Fly out, F9 (Flyball, 9D, EV 100.6 MPH)
|
|
Batting: RHB Oscar Bravo
|
0-0: Ball Zane Kelton steals 2nd base 1-0: Foul Ball, location: 2F 1-1: Called Strike Zane Kelton steals 3rd base 1-2: Strikes out looking
|
|
Batting: RHB Gang-sheng Chew
|
0-0: Swinging Strike 0-1: Ball Wild Pitch! Zane Kelton scores 1-1: Ground out 5-3 (Groundball, 56, EV 80.0 MPH)
|
| Bottom of the 2nd over - 1 run, 0 hits, 0 errors, 0 left on base; South Bend 0 - Binghamton 1 |
| TOP OF THE 3RD |
|
South Bend Cubs batting - Pitching for Binghamton Mets : RHP Antonio Perez
|
|
Batting: RHB Andy Huntley
|
0-0: Fly out, F6 (Popup, 6, EV 67.5 MPH)
|
|
Batting: RHB Taylor Garofalo
|
0-0: Ground out 5-3 (Groundball, 56, EV 106.2 MPH)
|
|
Batting: LHB Kwang-chih Men
|
0-0: DOUBLE (Line Drive, 78D, EV 104.4 MPH)
|
|
Batting: RHB Roy Battist
|
0-0: Ground out 4-3 (Groundball, 4, EV 86.9 MPH)
|
| Top of the 3rd over - 0 runs, 1 hit, 0 errors, 1 left on base; South Bend 0 - Binghamton 1 |
| BOTTOM OF THE 3RD |
|
Binghamton Mets batting - Pitching for South Bend Cubs : RHP Roberto Cruz
|
|
Batting: LHB Jamel Alexander
|
0-0: Ball 1-0: Ground out 6-3 (Groundball, 6, EV 78.8 MPH)
|
|
Batting: SHB Jason Evans
|
0-0: Called Strike 0-1: Swinging Strike 0-2: Ground out 6-3 (Groundball, 56, EV 106.9 MPH)
|
|
Batting: LHB Bayesa Mundhir
|
0-0: SINGLE (Flyball, 7S, EV 92.5 MPH)
|
|
Batting: RHB Mike Hanks
|
0-0: Ball 1-0: Ball 2-0: Ball 3-0: Called Strike 3-1: Swinging Strike 3-2: Strikes out swinging
|
| Bottom of the 3rd over - 0 runs, 1 hit, 0 errors, 1 left on base; South Bend 0 - Binghamton 1 |
| TOP OF THE 4TH |
|
South Bend Cubs batting - Pitching for Binghamton Mets : RHP Antonio Perez
|
|
Batting: RHB Puluke Konane
|
0-0: Ball 1-0: Ball 2-0: Fly out, F9 (Flyball, 9D, EV 105.6 MPH)
|
|
Batting: RHB Juan Bonilla
|
0-0: Called Strike 0-1: Swinging Strike 0-2: Ball 1-2: Foul Ball, location: 2F 1-2: Ball 2-2: Ball 3-2: Strikes out swinging
|
|
Batting: RHB Dylan Burke
|
0-0: Ground out 6-3 (Groundball, 6, EV 101.2 MPH)
|
| Top of the 4th over - 0 runs, 0 hits, 0 errors, 0 left on base; South Bend 0 - Binghamton 1 |
| BOTTOM OF THE 4TH |
|
Binghamton Mets batting - Pitching for South Bend Cubs : RHP Roberto Cruz
|
|
Batting: RHB Nate Henderson
|
0-0: Swinging Strike 0-1: Called Strike 0-2: Foul Ball, location: 2F 0-2: Foul Ball, location: 2F 0-2: Ball 1-2: Foul Ball, location: 2F 1-2: Strikes out swinging
|
|
Batting: LHB Zane Kelton
|
0-0: Called Strike 0-1: Called Strike 0-2: Ground out 4-3 (Groundball, 4, EV 96.9 MPH)
|
|
Batting: SHB Jerry Burrows
|
0-0: DOUBLE (Line Drive, 9LM, EV 104.4 MPH)
|
|
Batting: RHB Oscar Bravo
|
0-0: Foul Ball, location: 2F 0-1: Foul Ball, location: 2F 0-2: Strikes out swinging
|
| Bottom of the 4th over - 0 runs, 1 hit, 0 errors, 1 left on base; South Bend 0 - Binghamton 1 |
| TOP OF THE 5TH |
|
South Bend Cubs batting - Pitching for Binghamton Mets : RHP Antonio Perez
|
|
Batting: LHB Adam Conover
|
0-0: Ball 1-0: Foul Ball, location: 2F 1-1: Foul Ball, location: 2F 1-2: Ball 2-2: Ball 3-2: Fly out, F9 (Flyball, 9D, EV 95.0 MPH)
|
|
Batting: RHB Hugo Torrez
|
0-0: Ball 1-0: Ball 2-0: Called Strike 2-1: Foul Ball, location: 2F 2-2: Ground out 4-3 (Groundball, 4, EV 86.9 MPH)
|
|
Batting: RHB Andy Huntley
|
0-0: Ball 1-0: Foul Ball, location: 2F 1-1: Called Strike 1-2: Foul Ball, location: 2F 1-2: Ball 2-2: Foul Ball, location: 2F 2-2: Fly out, F9 (Flyball, 89S, EV 85.6 MPH)
|
| Top of the 5th over - 0 runs, 0 hits, 0 errors, 0 left on base; South Bend 0 - Binghamton 1 |
| BOTTOM OF THE 5TH |
|
Binghamton Mets batting - Pitching for South Bend Cubs : RHP Roberto Cruz
|
|
Batting: RHB Gang-sheng Chew
|
0-0: Called Strike 0-1: Ground out 5-3 (Groundball, 56, EV 90.6 MPH)
|
|
Batting: LHB Jamel Alexander
|
0-0: Called Strike 0-1: Called Strike 0-2: Ball 1-2: Ball 2-2: Strikes out swinging
|
|
Batting: SHB Jason Evans
|
0-0: Ball 1-0: Ball 2-0: Ground out 1-3 (Groundball, 15S, EV 66.2 MPH)
|
| Bottom of the 5th over - 0 runs, 0 hits, 0 errors, 0 left on base; South Bend 0 - Binghamton 1 |
| TOP OF THE 6TH |
|
South Bend Cubs batting - Pitching for Binghamton Mets : RHP Antonio Perez
|
|
Batting: RHB Taylor Garofalo
|
0-0: Fly out, F9 (Flyball, 9D, EV 101.2 MPH)
|
|
Batting: LHB Kwang-chih Men
|
0-0: Ball 1-0: Ball 2-0: Swinging Strike 2-1: Foul Ball, location: 2F 2-2: Fly out, F9 (Flyball, 9LSF, EV 86.9 MPH)
|
|
Batting: RHB Roy Battist
|
0-0: Foul Ball, location: 2F 0-1: Foul Ball, location: 2F 0-2: Ball 1-2: Foul Ball, location: 2F 1-2: Ball 2-2: SINGLE (Line Drive, 8LS, EV 98.8 MPH)
|
|
Batting: RHB Puluke Konane
|
0-0: Foul Ball, location: 2F 0-1: Ground out 5-3 (Groundball, 56S, EV 63.1 MPH)
|
| Top of the 6th over - 0 runs, 1 hit, 0 errors, 1 left on base; South Bend 0 - Binghamton 1 |
| BOTTOM OF THE 6TH |
|
Binghamton Mets batting - Pitching for South Bend Cubs : RHP Roberto Cruz
|
|
Batting: LHB Bayesa Mundhir
|
0-0: Foul Ball, location: 2F 0-1: Foul Ball, location: 2F 0-2: Fly out, F6 (Line Drive, 6M, EV 59.4 MPH)
|
|
Batting: RHB Mike Hanks
|
0-0: Foul Ball, location: 2F 0-1: Swinging Strike 0-2: Strikes out looking
|
|
Batting: RHB Nate Henderson
|
0-0: Fly out, F8 (Flyball, 8LM, EV 91.2 MPH)
|
| Bottom of the 6th over - 0 runs, 0 hits, 0 errors, 0 left on base; South Bend 0 - Binghamton 1 |
| TOP OF THE 7TH |
|
South Bend Cubs batting - Pitching for Binghamton Mets : RHP Antonio Perez
|
|
Batting: RHB Juan Bonilla
|
0-0: Fly out, F6 (Popup, 6D, EV 69.4 MPH)
|
|
Batting: RHB Dylan Burke
|
0-0: Called Strike 0-1: Ball 1-1: Ball 2-1: Called Strike 2-2: DOUBLE (Line Drive, 9LS, EV 111.2 MPH)
|
|
Batting: LHB Adam Conover
|
0-0: Foul Ball, location: 2F 0-1: Ball 1-1: Foul Ball, location: 2F 1-2: SINGLE (Line Drive, 89S, EV 98.1 MPH) Dylan Burke to third
|
|
Batting: RHB Hugo Torrez
|
0-0: Grounds into double play, 4-6-3 (Groundball, 4, EV 110.6 MPH)
|
| Top of the 7th over - 0 runs, 2 hits, 0 errors, 1 left on base; South Bend 0 - Binghamton 1 |
| BOTTOM OF THE 7TH |
|
Binghamton Mets batting - Pitching for South Bend Cubs : RHP Roberto Cruz
|
|
Pitching: LHP Tom Mooney
|
|
|
Batting: LHB Zane Kelton
|
0-0: Swinging Strike 0-1: Ball 1-1: Ball 2-1: Ground out 4-3 (Groundball, 4, EV 104.4 MPH)
|
|
Batting: SHB Jerry Burrows
|
0-0: Ball 1-0: Ball 2-0: Foul Ball, location: 2F 2-1: SINGLE (Flyball, 9LS, EV 91.9 MPH) - OUT at second base trying to stretch hit.
|
|
Batting: RHB Oscar Bravo
|
0-0: Ground out 6-3 (Groundball, 6, EV 102.5 MPH)
|
| Bottom of the 7th over - 0 runs, 1 hit, 0 errors, 0 left on base; South Bend 0 - Binghamton 1 |
| TOP OF THE 8TH |
|
South Bend Cubs batting - Pitching for Binghamton Mets : RHP Antonio Perez
|
|
Batting: RHB Andy Huntley
|
0-0: Reached on error, E6 (Groundball, 56S, EV 72.5 MPH)
|
|
Batting: RHB Taylor Garofalo
|
0-0: Foul Ball, location: 2F 0-1: Swinging Strike 0-2: Ball 1-2: Foul Ball, location: 2F 1-2: Ball 2-2: Strikes out swinging
|
|
Batting: LHB Kwang-chih Men
|
0-0: Ball Andy Huntley is caught stealing 2nd base 2-6 1-0: Foul Ball, location: 2F 1-1: Foul Ball, location: 2F 1-2: Ball 2-2: SINGLE (Line Drive, 78S, EV 113.1 MPH)
|
|
Batting: RHB Roy Battist
|
0-0: Called Strike 0-1: Foul Ball, location: 2F 0-2: Ball 1-2: Foul Ball, location: 2F 1-2: Ball 2-2: Ball 3-2: Foul Ball, location: 2F 3-2: SINGLE (Line Drive, 9LS, EV 100.6 MPH) Kwang-chih Men to second Kwang-chih Men to third
|
|
Pitching: RHP Justin Wilkins
|
|
|
Batting: RHB Puluke Konane
|
0-0: Called Strike 0-1: Ball 1-1: Ball 2-1: Ball 3-1: Swinging Strike 3-2: SINGLE (Line Drive, 8RS, EV 111.9 MPH) Kwang-chih Men scores Roy Battist to second Roy Battist to third
|
|
Batting: RHB Juan Bonilla
|
0-0: Called Strike 0-1: Called Strike 0-2: Ground out U3 (Groundball, 34, EV 86.9 MPH)
|
| Top of the 8th over - 1 run, 3 hits, 1 error, 2 left on base; South Bend 1 - Binghamton 1 |
| BOTTOM OF THE 8TH |
|
Binghamton Mets batting - Pitching for South Bend Cubs : LHP Tom Mooney
|
|
Batting: RHB Gang-sheng Chew
|
0-0: Ball 1-0: Foul Ball, location: 2F 1-1: Ball 2-1: Ball 3-1: Base on Balls
|
|
Batting: LHB Jamel Alexander
|
0-0: Ball 1-0: Bunted foul 1-1: Sac Bunt to 15 - play at first, batter OUT! 1-4 Gang-sheng Chew to second
|
|
Batting: SHB Jason Evans
|
0-0: Called Strike 0-1: Foul Ball, location: 2F 0-2: Ball 1-2: Ball 2-2: Ground out 5-3 (Groundball, 56S, EV 81.2 MPH)
|
|
Batting: LHB Bayesa Mundhir
|
0-0: Ball 1-0: Ground out 5-3 (Groundball, 56S, EV 81.2 MPH)
|
| Bottom of the 8th over - 0 runs, 0 hits, 0 errors, 1 left on base; South Bend 1 - Binghamton 1 |
| TOP OF THE 9TH |
|
South Bend Cubs batting - Pitching for Binghamton Mets : RHP Justin Wilkins
|
|
Batting: RHB Dylan Burke
|
0-0: Ground out U3 (Groundball, 3S, EV 83.8 MPH)
|
|
Batting: LHB Adam Conover
|
0-0: Ball 1-0: Called Strike 1-1: Foul Ball, location: 2F 1-2: Ball 2-2: Strikes out swinging
|
|
Batting: RHB Hugo Torrez
|
0-0: Ground out 6-3 (Groundball, 6, EV 88.8 MPH)
|
| Top of the 9th over - 0 runs, 0 hits, 0 errors, 0 left on base; South Bend 1 - Binghamton 1 |
| BOTTOM OF THE 9TH |
|
Binghamton Mets batting - Pitching for South Bend Cubs : LHP Tom Mooney
|
|
Pitching: RHP Jose Mata
|
|
|
Batting: RHB Mike Hanks
|
0-0: Fly out, F5 (Popup, 15S, EV 83.8 MPH)
|
|
Pinch Hitting: LHB Dan Bremseth
|
0-0: Ball 1-0: Called Strike 1-1: Ball 2-1: Foul Ball, location: 2F 2-2: Foul Ball, location: 2F 2-2: Foul Ball, location: 2F 2-2: Foul Ball, location: 2F 2-2: Ground out 4-3 (Groundball, 4, EV 105.0 MPH)
|
|
Batting: LHB Zane Kelton
|
0-0: Foul Ball, location: 2F 0-1: Ball 1-1: SINGLE (Line Drive, 34, EV 102.5 MPH)
|
|
Batting: SHB Jerry Burrows
|
0-0: Ball 1-0: Called Strike 1-1: Ball 2-1: Called Strike 2-2: Ball 3-2: Base on Balls Zane Kelton to second
|
|
Batting: RHB Oscar Bravo
|
0-0: Ball 1-0: Fielders Choice at 2nd, 5-4 (Groundball, 56D, EV 88.1 MPH)
|
| Bottom of the 9th over - 0 runs, 1 hit, 0 errors, 2 left on base; South Bend 1 - Binghamton 1 |
| TOP OF THE 10TH |
|
South Bend Cubs batting - Pitching for Binghamton Mets : RHP Justin Wilkins
|
|
Now at C: David Stayton
|
|
|
Batting: RHB Andy Huntley
|
0-0: Ball 1-0: Called Strike 1-1: Ground out 6-3 (Groundball, 6, EV 103.1 MPH)
|
|
Batting: RHB Taylor Garofalo
|
0-0: Ball 1-0: Swinging Strike 1-1: Ball 2-1: Ground out 5-3 (Groundball, 56, EV 84.4 MPH)
|
|
Batting: LHB Kwang-chih Men
|
0-0: Called Strike 0-1: Foul Ball, location: 2F 0-2: Ball 1-2: Strikes out swinging
|
| Top of the 10th over - 0 runs, 0 hits, 0 errors, 0 left on base; South Bend 1 - Binghamton 1 |
| BOTTOM OF THE 10TH |
|
Binghamton Mets batting - Pitching for South Bend Cubs : RHP Jose Mata
|
|
Batting: RHB Gang-sheng Chew
|
0-0: Foul Ball, location: 2F 0-1: Reached on error, E5 (Groundball, 56S, EV 86.2 MPH)
|
|
Batting: LHB Jamel Alexander
|
0-0: Ball 1-0: Sac Bunt to P - play at first, batter OUT! 1-3 Gang-sheng Chew to third
|
|
Batting: SHB Jason Evans
|
0-0: Ball 1-0: Ball 2-0: Ball 3-0: Called Strike 3-1: Base on Balls
|
|
Batting: LHB Bayesa Mundhir
|
0-0: Ball 1-0: SINGLE (Groundball, 4MD, EV 103.1 MPH) Gang-sheng Chew scores
|
| Bottom of the 10th over - 1 run, 1 hit, 1 error, 1 left on base; South Bend 1 - Binghamton 2 |
|